 Dungeon Crawl Stone Soup version 0.18.1-6-gd335043 (webtiles) character file.

572767 Shtopit the Middleweight Champion (level 25, 0/207 (213) HPs)
             Began as a Demonspawn Berserker on May 19, 2016.
             Was the Champion of Trog.
             Slain by a bennu (10 damage)
             ... on level 2 of the Tomb of the Ancients on May 20, 2016.
             The game lasted 04:55:49 (77953 turns).

Shtopit the Middleweight Champion (DsBe)           Turns: 77953, Time: 04:55:49

HP:   0/207 (213)   AC: 33    Str: 21 (31) XL:     25   Next: 69%
MP:   36/36         EV: 14    Int:  7 (8)  God:    Trog [******]
Gold: 5217          SH:  0    Dex: 20      Spells: 0 memorised, 28 levels left

rFire  + . .     SeeInvis +       - Unarmed
rCold  . . .     Gourm    .     u - +2 plate armour {rN+}
rNeg   + + +     Faith    .     (no shield)
rPois  +         Spirit   .     I - +2 helmet {SInv}
rElec  +         Dismiss  .     J - +1 cloak {+Inv}
rCorr  .         Reflect  .     (gloves unavailable)
SustAt .         Harm     .     z - +0 pair of boots "Etatum" {rElec rF+ rN+}
MR     ++...                    b - amulet "Ruesakaery" {+Rage MR+ Str+2 Dex+4}
Stlth  ..........               E - ring "Poivyokk" {rPois rN+ MP+9 Str+2}
                                U - +2 ring of slaying

@: slowed, very slow, very resistant to hostile enchantments, extremely
unstealthy
A: claws 3, talons 1, slimy green scales 3, demonic guardian 2, spiny 3,
augmentation 2
a: Berserk, Trog's Hand, Brothers in Arms, Burn Spellbooks, Renounce Religion,
Evoke Berserk Rage, Evoke Invisibility
}: 3/15 runes: decaying, silver, gossamer


You were on level 2 of the Tomb of the Ancients.
You worshipped Trog.
Trog was exalted by your worship.
You were not hungry.

You visited 8 branches of the dungeon, and saw 44 of its levels.
You also visited: Labyrinth, Sewer, Ice Cave and Wizlab.

You collected 6860 gold pieces.
You spent 1643 gold pieces at shops.

Inventory:

Hand Weapons
 l - the +7 shortbow of the Peculiar Souls {venom, Str+2 Int+4}
   (You took it off a crimson imp on level 15 of the Dungeon)

   It poisons the ammo it fires.
   It affects your strength (+2).
   It affects your intelligence (+4).
Missiles
 y - 8 javelins of returning (quivered)
 C - 1334 arrows
Armour
 p - a gold dragon hide
 u - a +2 plate armour of positive energy (worn)
 z - the +0 pair of boots "Etatum" (worn) {rElec rF+ rN+}
   (You found it on level 1 of the Vaults)

   It protects you from fire.
   It insulates you from electricity.
   It protects you from negative energy.
 I - a +2 helmet of see invisible (worn)
 J - a +1 cloak of invisibility (worn)
 X - a +0 pair of boots of running
Rods
 e - a +6 rod of clouds (15/15)
   (You found it on level 5 of the Vaults)
 B - a +8 rod of shadows (12/12)
   (You found it in a labyrinth)
 N - a +4 rod of clouds (10/10)
   (You found it on level 3 of the Crypt)
 Q - a +5 rod of ignition (14/14)
   (You took it off a vault warden on level 5 of the Vaults)
 W - a +6 iron rod (13/13)
   (You took it off a minotaur in a labyrinth)
Jewellery
 b - the amulet "Ruesakaery" (around neck) {+Rage MR+ Str+2 Dex+4}
   (You bought it in a shop on level 2 of the Orcish Mines)

   [amulet of rage]

   It affects your strength (+2).
   It affects your dexterity (+4).
   It affects your resistance to hostile enchantments.
   It lets you go berserk.
 d - the ring "Vogaj" {rF+ Int+3 Dex+3 Stlth-}
   (You took it off an ironbrand convoker on level 5 of the Vaults)

   [ring of loudness]

   It affects your intelligence (+3).
   It affects your dexterity (+3).
   It protects you from fire.
   It makes you less stealthy.
 i - an uncursed ring of sustain attributes
 r - the ring "Hoysin" {rCorr +Inv}
   (You found it in an ice cave)

   [ring of resist corrosion]

   It lets you turn invisible.
 D - an uncursed ring of teleportation
 E - the ring "Poivyokk" (right claw) {rPois rN+ MP+9 Str+2}
   (You bought it in a shop on level 2 of the Orcish Mines)

   [ring of poison resistance]

   It affects your strength (+2).
   It protects you from poison.
   It protects you from negative energy.
   It affects your magic capacity (+9).
 F - an uncursed ring of flight
 T - an uncursed amulet of the gourmand
 U - a +2 ring of slaying (left claw)
 V - the ring of Fyett {Wiz Dex+4 SInv Stlth+}
   (You took it off an ironheart preserver on level 5 of the Vaults)

   [ring of wizardry]

   It improves your spell success rate.
   It affects your dexterity (+4).
   It lets you see invisible.
   It makes you more stealthy.
Wands
 h - a wand of slowing (26/48)
 o - a wand of hasting (9/9)
 s - a wand of digging (15/24)
 A - a wand of hasting (1/9)
 S - a wand of lightning (9/15)
Scrolls
 f - 17 scrolls of teleportation
 j - 11 scrolls of identify
 q - 19 scrolls of remove curse
 G - 7 scrolls of fog
 M - 7 scrolls of blinking
 R - 4 scrolls of fear
 Y - 2 scrolls of silence
Potions
 a - 2 potions of haste
 k - 7 potions of might
 n - 3 potions of cure mutation
 t - 6 potions of heal wounds
 w - 14 potions of curing
 H - 4 potions of flight
 L - a potion of resistance
 O - a potion of invisibility
 P - 6 potions of agility
Miscellaneous
 g - a legendary deck of summoning
 v - a lamp of fire
 x - an ornate deck of summoning
 Z - a fan of gales
Comestibles
 c - 24 bread rations


   Skills:
 + Level 20.9 Fighting
   Level 4.2 Long Blades
 + Level 4.2 Bows
 + Level 2.0 Throwing
 + Level 19.5 Armour
 + Level 9.6 Dodging
 - Level 1.0 Stealth
 O Level 27 Unarmed Combat
 + Level 2.0 Spellcasting
 * Level 6.0 Evocations


You had 28 spell levels left.
You didn't know any spells.

Dungeon Overview and Level Annotations

Branches:
Dungeon (15/15)            Temple (0/1) D:6            Lair (8/8) D:10
  Swamp (4/4) Lair:5       Spider (4/4) Lair:5        Slime (0/6) Lair:8
    Orc (2/2) D:10            Elf (0/3) Orc:2        Vaults (5/5) D:14
  Crypt (3/3) Vaults:3       Tomb (3/3) Crypt:3      Depths (0/5) D:15

Altars:
Dithmenos
Elyvilon
Fedhas
Makhleb
Nemelex Xobeh
Ru
Sif Muna
Trog
Vehumet
Yredelemnul
Zin
Beogh
Jiyva

Shops:
D:5 %   Orc:1 [%   Orc:2 (*[=*   Vaults:5 *

Portals:
Hell: Lair:8

Annotations:
Lair:1 Sonja


Innate Abilities, Weirdness & Mutations

You have claws for hands.
You are completely covered in slimy green scales (AC +4, rPois).
A demonic guardian rushes to your aid.
You are completely covered in sharp spines.
Your magical and physical power is enhanced at high health.
You have sharp toenails.


Message History

You scratch the bennu.
The bennu is lightly wounded.
The bennu pecks you! The bennu sears you!!
* * * LOW HITPOINT WARNING * * *
The bennu claws you.
* * * LOW HITPOINT WARNING * * *
The bennu claws you but does no damage.
Drink which item? (? for menu, Esc to quit)
You can't drink that!
Drink which item? (? for menu, Esc to quit)
You feel much better. The bennu pecks you but does no damage.
The bennu misses you. The bennu claws you but does no damage.
The bennu pecks you!
* * * LOW HITPOINT WARNING * * *
The bennu sears you!!
* * * LOW HITPOINT WARNING * * *
The bennu barely misses you. The bennu claws you but does no damage.
The guardian mummy misses you. The bennu barely misses you.
The bennu claws you!
You die...

#################################
^^...#.<.#.....#..........#.....#
^^..^#^..#.....#....^.....#.....#
../..'^..#.....#M^........#.....#
....^#.^.#.^...#@b....^...'.^...#
...#########'##############'#####
^^.#......................#^....#
(###......................#.....#
...#......................#.....#
.^^#......##.....##.......#.....#
...'.....###..#..###......#...^.#
.^.#..(.###...#...###.....#.^^..#
'###...###.........###....###'###


You could see a bennu and a guardian mummy.

Vanquished Creatures
  2 ancient liches
  24 greater mummies
  Frederick (Crypt:3)
  Saint Roka (Vaults:5)
  5 golden dragons
  A bone dragon (Crypt:3)
  6 liches
  A Hellbinder (WizLab)
  Arachne (Spider:4)
  A shard shrike zombie (Crypt:2)
  Jorgrun (Vaults:4)
  3 tentacled monstrosities
  A quicksilver dragon (Vaults:4)
  3 titans
  11 sphinxes
  Kirke (Spider:3)
  2 revenants
  6 ancient champions
  6 storm dragons
  4 tengu reavers
  3 fire giants
  Wiglaf (Spider:2)
  2 shadow dragons
  A frost giant (shapeshifter) (Vaults:5)
  2 frost giants
  2 deep elf sorcerers
  2 balrugs (WizLab)
  3 orc warlords
  3 ghost moths (Spider:4)
  12 emperor scorpions
  6 ghouls
  A deep elf elementalist (Vaults:5)
  A cacodemon (WizLab)
  16 vault wardens
  25 ironheart preservers
  A reaper (WizLab)
  10 stone giants
  5 war gargoyles
  8 very ugly things
  A juggernaut skeleton (Crypt:1)
  2 bennus (Tomb:2)
  4 vampire knights
  A deep elf annihilator (Vaults:5)
  A salamander stormcaller (Vaults:5)
  Nessos (Orc:2)
  A spark wasp (shapeshifter) (Vaults:5)
  A dire elephant (Lair:8)
  2 deep elf demonologists
  2 spark wasps
  2 ettins
  Snorg (Lair:6)
  A blizzard demon (WizLab)
  2 eidola (Crypt:1)
  2 jiangshi (Crypt:1)
  6 deep elf death magi
  34 vault guards
  A minotaur (Lab)
  3 crystal guardians (Crypt:3)
  9 yaktaur captains
  3 fire dragons
  A large abomination (Vaults:5)
  16 mummy priests
  4 great orbs of eyes
  3 ice dragons
  2 hell beasts (WizLab)
  27 hydras
  Erolcha (D:9)
  2 entropy weavers
  6 ogre magi
  2 death knights
  2 catoblepae
  Erica (Lair:2)
  13 alligators
  A deep troll earth mage (D:15)
  7 centaur warriors
  A deep troll shaman (Vaults:4)
  5 dancing weapons (Crypt:3)
  A tengu warrior (D:13)
  2 vampire magi (Crypt:1)
  2 orc high priests (Orc:2)
  A titan zombie (Crypt:1)
  6 death yaks
  2 spriggans
  8 deep elf knights
  Nergalle (D:10)
  3 soul eaters (WizLab)
  3 sun demons
  39 skeletal warriors
  5 hell knights (Crypt:3)
  A fire crab (Vaults:2)
  A titan skeleton (Crypt:3)
  3 shadow wraiths (Vaults:4)
  2 wizards
  A fire crab (shapeshifter) (Vaults:3)
  14 death scarabs
  14 deep trolls
  3 unseen horrors
  2 flayed ghosts
  A storm dragon skeleton (Tomb:2)
  15 ironbrand convokers
  10 hill giants
  3 shambling mangroves
  13 anubis guards
  5 phantasmal warriors
  A lindwurm (Lair:6)
  8 swamp dragons
  A harpy (shapeshifter) (Vaults:3)
  17 deep elf magi
  11 deep elf archers
  16 orb spiders
  A small abomination (Vaults:5)
  16 orc knights
  44 wolf spiders
  7 necromancers
  18 ugly things
  5 orc sorcerers
  6 griffons
  A shadow dragon skeleton (Crypt:2)
  9 hornets
  A fire giant zombie (Crypt:3)
  2 cyclopes
  5 moths of wrath
  A frost giant zombie (Crypt:3)
  14 elephants
  A frost giant skeleton (Tomb:2)
  2 centaur zombies
  2 ice statues (IceCv)
  2 fire giant skeletons
  A stone giant skeleton (Crypt:3)
  A water nymph (shapeshifter) (Vaults:4)
  5 black mambas
  A guardian serpent (shapeshifter) (Vaults:3)
  A smoke demon (Lair:8)
  2 torpor snails
  16 vault sentinels
  2 rust devils (WizLab)
  A catoblepas zombie (Crypt:1)
  4 orange demons
  20 spiny frogs
  2 gargoyles
  5 centaur skeletons
  A redback zombie (Crypt:1)
  A rime drake (shapeshifter) (Vaults:2)
  7 komodo dragons
  23 yaktaurs
  2 kobold demonologists (WizLab)
  5 rime drakes
  17 demonic crawlers
  10 freezing wraiths
  23 guardian mummies
  4 red devils (Lair:8)
  A red draconian skeleton (Crypt:2)
  A hellwing (Lair:8)
  An iron troll skeleton (Crypt:2)
  An ice devil (Lair:8)
  A golden dragon simulacrum (Tomb:1)
  2 tengu conjurers (D:15)
  7 trolls
  11 two-headed ogres
  2 polar bears
  2 wolf spider simulacra
  9 giant leeches
  22 jumping spiders
  A jumping spider (shapeshifter) (Vaults:5)
  Prince Ribbit (D:9)
  14 ushabtiu
  A hydra skeleton (Crypt:2)
  11 bog bodies
  A harpy skeleton (Crypt:3)
  47 slime creatures
  The ghost of Moloch the Carver, an amateur HEFi (D:3)
  A blink frog (shapeshifter) (Vaults:3)
  An ettin zombie (Crypt:1)
  A fire dragon zombie (Crypt:3)
  24 blink frogs
  5 boulder beetles
  An ettin skeleton (Crypt:3)
  A guardian serpent skeleton (Crypt:2)
  75 redbacks
  Sigmund (D:4)
  An ice dragon skeleton (Crypt:3)
  40 tarantellas
  34 flying skulls
  9 wraiths
  77 yaks
  3 shadows
  10 hippogriffs
  2 ynoxinuls (WizLab)
  A basilisk (shapeshifter) (D:14)
  5 wyverns
  31 vampire mosquitoes
  6 basilisks
  2 hogs (Spider:3)
  8 hungry ghosts
  2 human simulacra
  7 wargs
  Edmund (D:6)
  3 soldier ants (shapeshifter)
  21 swamp worms
  8 insubstantial wisps
  A mottled dragon (Vaults:2)
  19 water moccasins
  A soldier ant (D:13)
  A spiny frog zombie (Crypt:1)
  A torturous demonspawn skeleton (Crypt:2)
  Duvessa (D:4)
  18 porcupines
  6 sky beasts
  12 swamp drakes
  A water nymph skeleton (Crypt:2)
  4 hell hounds
  54 orc warriors
  A black bear (D:9)
  2 spiny frog skeletons (Crypt:3)
  4 phantoms
  28 ice beasts
  34 ogres
  5 necrophages
  A tengu (shapeshifter) (Vaults:3)
  9 wasps
  A snapping turtle skeleton (Crypt:1)
  A snapping turtle zombie (Tomb:1)
  5 wolves
  21 crocodiles
  15 centaurs
  2 big kobolds
  An elf zombie (Crypt:1)
  22 giant frogs
  Dowan (D:4)
  A dryad skeleton (Crypt:1)
  An earth elemental (Lab)
  33 scorpions
  A polar bear skeleton (Crypt:2)
  4 killer bees (D:10)
  An electric eel (Lair:5)
  6 howler monkeys
  11 crimson imps
  A giant frog zombie (D:13)
  8 hounds
  2 jellies
  3 quasits
  21 orc priests
  33 orc wizards
  A giant frog skeleton (D:8)
  Crazy Yiuf (D:7)
  A gnoll shaman (D:7)
  8 iguanas
  Ijyb (D:3)
  6 worker ants
  Natasha (thrice) (D:3)
  4 sheep (Lair:5)
  A killer bee zombie (D:8)
  A deep dwarf zombie (Crypt:1)
  32 mummies
  A howler monkey zombie (Crypt:2)
  A worker ant zombie (D:11)
  5 gnolls (D:7)
  A howler monkey skeleton (D:11)
  9 adders
  63 river rats
  5 shadow imps
  An ooze (D:3)
  2 adder skeletons
  7 worms
  3 dart slugs
  3 giant geckos
  116 orcs
  4 bats
  5 giant cockroaches
  10 goblins
  10 hobgoblins
  11 jackals
  13 kobolds
  9 quokkas
  5 ball pythons
  A ball python zombie (D:5)
  12 giant newts
  A giant newt zombie (Crypt:1)
  A jackal skeleton (D:6)
  A jackal zombie (D:5)
  A quokka skeleton (D:5)
  A quokka zombie (Crypt:1)
  12 rats
  A crawling corpse (Vaults:5)
2155 creatures vanquished.

Vanquished Creatures (collateral kills)
  Norris (Vaults:3)
  the Lernaean hydra (Swamp:3)
  Jory (Vaults:2)
  A sphinx (Tomb:1)
  Roxanne (Swamp:1)
  A storm dragon (Vaults:5)
  A frost giant (Vaults:5)
  An emperor scorpion (Spider:4)
  3 vault wardens
  The ghost of inmateoo the Severer, a journeyman HOAs of Kikubaaqudgha (Orc:2)
  A dire elephant (Lair:8)
  A vault guard (Vaults:4)
  A deep elf death mage (Vaults:5)
  A mummy priest (Tomb:2)
  A fire dragon (Vaults:2)
  A ghost crab (Swamp:1)
  2 hydras
  A death knight (D:15)
  A centaur warrior (Vaults:2)
  3 death yaks
  An orc high priest (Orc:2)
  2 hell knights
  2 skeletal warriors (D:15)
  A swamp dragon (shapeshifter) (Vaults:5)
  A wizard (Lair:8)
  A deep elf archer (Vaults:2)
  5 orb spiders
  2 phantasmal warriors
  A griffon (Vaults:4)
  An orc sorcerer (Orc:2)
  An anubis guard (Tomb:1)
  2 orc knights (Orc:2)
  3 deep elf magi
  5 ugly things (Vaults:2)
  2 wolf spiders
  A moth of wrath (Spider:4)
  A spiny frog (Lair:1)
  2 vault sentinels
  A torpor snail (Lair:8)
  7 yaktaurs
  A freezing wraith (Vaults:3)
  An ice devil (Lair:8)
  A polar bear (shapeshifter) (Vaults:2)
  A jumping spider (Spider:1)
  Grinder (D:3)
  2 ushabtiu
  3 slime creatures
  3 blink frogs
  2 flying skulls (Tomb:2)
  4 tarantellas
  A wraith (D:15)
  A wyvern (D:9)
  4 redbacks
  A hog (Spider:3)
  6 yaks
  A vampire mosquito (Swamp:1)
  3 wargs
  A swamp drake (Swamp:4)
  6 orc warriors
  2 ice beasts (IceCv)
  2 ogres
  A centaur (D:5)
  2 crocodiles
  A giant frog (D:15)
  A scorpion (Spider:1)
  An electric eel (D:9)
  A crimson imp (D:6)
  2 orc priests
  3 orc wizards
  3 mummies
  An adder (D:7)
  A river rat (Lair:6)
  An adder skeleton (D:4)
  9 orcs
  A quokka skeleton (D:6)
142 creatures vanquished.

Vanquished Creatures (others)
  A golden dragon (Tomb:2)
  An ancient champion (Tomb:2)
  2 bennus (Tomb:2)
  2 death scarabs
  An anaconda skeleton (Tomb:2)
  A harpy skeleton (Tomb:1)
  11 flying skulls (Tomb:2)
  A redback (Spider:4)
  2 humans (Spider:3)
  4 mummies (Tomb:2)
  2 bushes (Lair:7)
  77 fungi
  8 lost souls
  27 plants
140 creatures vanquished.

Grand Total: 2437 creatures vanquished

Notes
Turn   | Place    | Note
--------------------------------------------------------------
     0 | D:1      | Shtopit the Demonspawn Berserker began the quest for the Orb.
     0 | D:1      | Reached XP level 1. HP: 18/18 MP: 1/1
   128 | D:1      | Gained mutation: You are partially covered in sharp spines. [demonic ancestry]
   128 | D:1      | Reached XP level 2. HP: 22/24 MP: 2/2
   292 | D:1      | Reached ** piety under Trog
   439 | D:2      | Reached XP level 3. HP: 24/29 MP: 3/3
   574 | D:2      | Found a basalt altar of Yredelemnul.
   629 | D:2      | Found a white marble altar of Elyvilon.
   944 | D:2      | Reached XP level 4. HP: 22/35 MP: 4/4
  1418 | D:3      | Reached *** piety under Trog
  1472 | D:3      | Noticed Moloch's ghost (amateur HEFi)
  1479 | D:3      | Killed Moloch's ghost
  1479 | D:3      | Gained mutation: You have sharp fingernails. [demonic ancestry]
  1479 | D:3      | Reached XP level 5. HP: 42/42 MP: 5/5
  1479 | D:3      | Gained mutation: A weak demonic guardian rushes to your aid. [demonic ancestry]
  1479 | D:3      | Reached XP level 6. HP: 48/48 MP: 6/6
  1626 | D:3      | Noticed Ijyb
  1636 | D:3      | Killed Ijyb
  1649 | D:3      | Found a sacrificial altar of Ru.
  1650 | D:3      | Noticed Grinder
  1652 | D:3      | Paralysed by Grinder for 5 turns
  1666 | D:3      | Killed Grinder
  1864 | D:3      | Found a sparkling altar of Nemelex Xobeh.
  1888 | D:3      | Noticed Natasha
  1893 | D:3      | Killed Natasha
  2392 | D:3      | Noticed Natasha
  2404 | D:3      | Killed Natasha
  2404 | D:3      | Gained mutation: You have very sharp fingernails. [demonic ancestry]
  2404 | D:3      | Reached XP level 7. HP: 55/55 MP: 7/7
  2698 | D:3      | Noticed Natasha
  2710 | D:3      | Killed Natasha
  2828 | D:3      | Reached **** piety under Trog
  3051 | D:3      | Reached skill level 1 in Unarmed Combat
  3276 | D:4      | Noticed Sigmund
  3291 | D:4      | Killed Sigmund
  3719 | D:4      | Noticed Duvessa
  3721 | D:4      | Noticed Dowan
  3745 | D:4      | Killed Duvessa
  3745 | D:4      | Reached skill level 5 in Fighting
  3745 | D:4      | Reached skill level 2 in Unarmed Combat
  3750 | D:4      | Killed Dowan
  3750 | D:4      | Reached XP level 8. HP: 62/62 MP: 8/8
  4036 | D:5      | Entered Level 5 of the Dungeon
  4145 | D:5      | Reached skill level 5 in Armour
  4417 | D:5      | Found a glowing silver altar of Zin.
  4417 | D:5      | Found a deep blue altar of Sif Muna.
  4418 | D:5      | Found a bloodstained altar of Trog.
  4434 | D:5      | Reached skill level 5 in Dodging
  4523 | D:5      | Reached skill level 3 in Unarmed Combat
  4920 | D:5      | Found Ohaopie's Food Shop.
  5319 | D:6      | Found a staircase to the Ecumenical Temple.
  5329 | D:6      | Received a gift from Trog
  5333 | D:6      | Reached skill level 4 in Unarmed Combat
  5405 | D:6      | Found a glowing drain.
  5431 | D:6      | Reached skill level 1 in Stealth
  5431 | D:6      | Gained mutation: You are mostly covered in sharp spines. [demonic ancestry]
  5431 | D:6      | Reached XP level 9. HP: 35/68 MP: 9/9
  5439 | Sewer    | Entered a sewer
  5889 | D:6      | Reached skill level 5 in Unarmed Combat
  6065 | D:6      | Noticed Edmund
  6080 | D:6      | Killed Edmund
  6080 | D:6      | Reached ***** piety under Trog
  7015 | D:7      | Reached skill level 6 in Unarmed Combat
  7418 | D:7      | Noticed Crazy Yiuf
  7424 | D:7      | Killed Crazy Yiuf
  7979 | D:8      | Noticed a troll
  7986 | D:8      | Killed a troll
  7986 | D:8      | Reached skill level 7 in Unarmed Combat
  8222 | D:8      | Reached XP level 10. HP: 47/77 MP: 10/10
  9249 | D:9      | Found a radiant altar of Vehumet.
  9250 | D:9      | Found a burning altar of Makhleb.
  9281 | D:9      | Reached skill level 8 in Unarmed Combat
  9292 | D:9      | Received a gift from Trog
  9315 | D:9      | Noticed Prince Ribbit
  9544 | D:9      | Noticed Erolcha
  9577 | D:9      | Killed Prince Ribbit
  9587 | D:9      | Killed Erolcha
 10431 | D:10     | Entered Level 10 of the Dungeon
 10493 | D:10     | Noticed Nergalle
 10509 | D:10     | Killed Nergalle
 10509 | D:10     | Reached skill level 9 in Unarmed Combat
 10509 | D:10     | Gained mutation: You are completely covered in sharp spines. [demonic ancestry]
 10509 | D:10     | Reached XP level 11. HP: 85/85 MP: 11/11
 10656 | D:10     | Found a staircase to the Lair.
 10788 | D:10     | Found a staircase to the Orcish Mines.
 11063 | D:10     | Found a roughly hewn altar of Beogh.
 11269 | Lair:1   | Entered Level 1 of the Lair of Beasts
 11392 | Lair:1   | Received a gift from Trog
 11430 | Lair:1   | Gained mutation: You have sharp toenails. [potion of mutation]
 11430 | Lair:1   | Gained mutation: You are occasionally teleported next to monsters. [potion of mutation]
 11430 | Lair:1   | Gained mutation: You are resistant to hostile enchantments. [potion of mutation]
 11463 | Lair:1   | Lost mutation: You are occasionally teleported next to monsters. [potion of cure mutation]
 11463 | Lair:1   | Lost mutation: You are resistant to hostile enchantments. [potion of cure mutation]
 11847 | Lair:1   | Found a frozen archway.
 11863 | Lair:1   | Reached skill level 10 in Unarmed Combat
 11877 | IceCv    | Entered an ice cave
 12459 | IceCv    | Noticed an ice dragon
 12460 | IceCv    | Noticed an ice dragon
 12541 | IceCv    | Killed an ice dragon
 12698 | IceCv    | Got a fine iron ring
 12907 | IceCv    | Killed an ice dragon
 12907 | IceCv    | Reached skill level 10 in Armour
 12907 | IceCv    | Reached skill level 11 in Unarmed Combat
 13380 | Lair:1   | Noticed Sonja
 13550 | Lair:2   | Noticed a five-headed hydra
 13570 | Lair:2   | Reached XP level 12. HP: 49/94 MP: 12/12
 14406 | Lair:2   | Noticed Erica
 14437 | Lair:2   | Killed Erica
 14445 | Lair:2   | Reached skill level 12 in Unarmed Combat
 14459 | Lair:2   | Identified the ring "Hoysin" {rCorr +Inv} (You found it in an ice cave)
 15178 | Lair:3   | Reached ****** piety under Trog
 15902 | Lair:3   | Received a gift from Trog
 16560 | Lair:4   | Noticed a catoblepas
 16872 | Lair:4   | Reached skill level 13 in Unarmed Combat
 16934 | Lair:4   | Killed a catoblepas
 16934 | Lair:4   | Gained mutation: You are partially covered in slimy green scales (AC +2). [demonic ancestry]
 16934 | Lair:4   | Reached XP level 13. HP: 37/103 MP: 13/13
 17283 | Lair:4   | Reached skill level 10 in Fighting
 18401 | Lair:5   | Found a hole to the Spider Nest.
 18865 | Lair:5   | Received a gift from Trog
 19862 | Lair:5   | Found a staircase to the Swamp.
 19935 | Lair:5   | Reached skill level 14 in Unarmed Combat
 20535 | Lair:6   | Noticed Snorg
 20545 | Lair:6   | Killed Snorg
 20944 | Lair:6   | Received a gift from Trog
 21933 | Lair:7   | Gained mutation: A demonic guardian rushes to your aid. [demonic ancestry]
 21933 | Lair:7   | Reached XP level 14. HP: 77/113 MP: 14/14
 23385 | Lair:8   | Entered Level 8 of the Lair of Beasts
 23399 | Lair:7   | Reached skill level 15 in Unarmed Combat
 23479 | Lair:7   | Received a gift from Trog
 24301 | Lair:8   | Found a viscous altar of Jiyva.
 24301 | Lair:8   | Found a staircase to the Slime Pits.
 24938 | Lair:8   | Found a burning altar of Makhleb.
 25417 | Lair:8   | Found a gateway to Hell.
 25924 | Lair:8   | Received a gift from Trog
 26221 | Orc:1    | Entered Level 1 of the Orcish Mines
 26223 | Orc:1    | Paralysed by an orc sorcerer for 4 turns
 26392 | Orc:1    | Found Cobb's Food Emporium.
 26456 | Orc:2    | Entered Level 2 of the Orcish Mines
 26456 | Orc:2    | Noticed Nessos
 26471 | Orc:2    | Noticed inmateoo's ghost (journeyman HOAs)
 26479 | Orc:2    | Killed inmateoo's ghost
 26878 | Orc:2    | Found Xihiys's Assorted Antiques.
 27326 | Orc:2    | Killed Nessos
 27459 | Orc:2    | Found Tuwep's General Store.
 27481 | Orc:2    | Gained mutation: You are mostly covered in slimy green scales (AC +3). [demonic ancestry]
 27481 | Orc:2    | Reached XP level 15. HP: 122/122 MP: 15/15
 27486 | Orc:2    | Reached skill level 16 in Unarmed Combat
 27982 | Orc:2    | Noticed an orc warlord
 28460 | Orc:2    | Noticed an orc warlord
 28487 | Orc:2    | Killed an orc warlord
 28582 | Orc:2    | Found a staircase to the Elven Halls.
 28585 | Orc:2    | Found Ucsearih's Jewellery Shop.
 28606 | Orc:2    | Bought the ring "Poivyokk" {rPois rN+ MP+9 Str+2} for 460 gold pieces
 28628 | Orc:2    | Found Ciokk's Antique Armour Boutique.
 28636 | Orc:2    | Bought a pair of runed gloves for 148 gold pieces
 28720 | Orc:2    | Received a gift from Trog
 28836 | Orc:2    | Found Urofu's Antique Weapon Shoppe.
 29105 | Orc:2    | Killed an orc warlord
 29303 | Orc:2    | Bought the amulet "Ruesakaery" {+Rage MR+ Str+2 Dex+4} for 847 gold pieces
 29324 | Orc:1    | Found Peih's Antique Armour Boutique.
 29335 | Orc:1    | Received a gift from Trog
 29360 | Orc:1    | Bought a shiny helmet for 94 gold pieces
 29360 | Orc:1    | Bought a pair of embroidered gloves for 94 gold pieces
 29912 | D:11     | Found a blossoming altar of Fedhas.
 30512 | D:12     | Found a shadowy altar of Dithmenos.
 30727 | D:12     | Received a gift from Trog
 31388 | D:13     | Reached skill level 17 in Unarmed Combat
 32585 | D:14     | Reached skill level 1 in Bows
 32585 | D:14     | Reached skill level 1 in Throwing
 32585 | D:14     | Reached skill level 1 in Spellcasting
 32585 | D:14     | Reached skill level 1 in Evocations
 32585 | D:14     | Gained mutation: You have claws for hands. [demonic ancestry]
 32585 | D:14     | Reached XP level 16. HP: 130/133 MP: 17/17
 32586 | D:14     | Reached XP level 17. HP: 136/139 MP: 20/20
 32690 | D:14     | Found a gate to the Vaults.
 33221 | D:14     | Identified a scroll of acquirement
 33228 | D:14     | Identified a +0 pair of boots of running (You acquired it on level 14 of the Dungeon)
 33237 | D:14     | Received a gift from Trog
 33308 | D:15     | Entered Level 15 of the Dungeon
 33308 | D:15     | Found a labyrinth entrance.
 33372 | Lab      | Entered a labyrinth
 33738 | Lab      | Got a steaming cloak
 33742 | D:15     | Identified the +0 cloak of the Untouchables {+Fly} (You found it in a labyrinth)
 33839 | D:15     | Identified a +6 rod of shadows (10/10) (You found it in a labyrinth)
 34297 | D:15     | Reached XP level 18. HP: 106/148 MP: 21/21
 34441 | D:15     | Found a staircase to the Depths.
 34519 | D:15     | Reached skill level 15 in Fighting
 34736 | D:15     | Found a shadowy altar of Dithmenos.
 34788 | D:15     | Got an ebony shortbow
 34789 | D:15     | Identified the +7 shortbow of the Peculiar Souls {venom, Str+2 Int+4} (You took it off a crimson imp on level 15 of the Dungeon)
 35129 | Spider:1 | Entered Level 1 of the Spider Nest
 35169 | Spider:1 | Reached skill level 18 in Unarmed Combat
 36209 | Spider:1 | Received a gift from Trog
 38616 | Spider:2 | Received a gift from Trog
 39028 | Spider:2 | Noticed Wiglaf
 39038 | Spider:2 | Killed Wiglaf
 39822 | Spider:3 | Noticed Kirke
 39975 | Spider:3 | Killed Kirke
 39978 | Spider:3 | Reached skill level 19 in Unarmed Combat
 40081 | Spider:3 | Received a gift from Trog
 41475 | Spider:4 | Entered Level 4 of the Spider Nest
 41910 | Spider:4 | Gained mutation: You are completely covered in slimy green scales (AC +4, rPois). [demonic ancestry]
 41910 | Spider:4 | Reached XP level 19. HP: 130/157 MP: 22/22
 42084 | Spider:4 | Received a gift from Trog
 42655 | Spider:4 | Reached skill level 15 in Armour
 42765 | Spider:4 | Received a gift from Trog
 42990 | Spider:4 | Noticed Arachne
 43028 | Spider:4 | Killed Arachne
 43738 | Spider:4 | Got a gossamer rune of Zot
 44385 | Swamp:1  | Entered Level 1 of the Swamp
 44493 | Swamp:1  | Noticed Roxanne
 44506 | Swamp:1  | Killed Roxanne
 44823 | Swamp:1  | Reached skill level 20 in Unarmed Combat
 45412 | Swamp:2  | Received a gift from Trog
 46717 | Swamp:4  | Entered Level 4 of the Swamp
 47110 | Swamp:4  | Noticed the 27-headed Lernaean hydra
 47272 | Swamp:3  | Received a gift from Trog
 47643 | Swamp:4  | Got a decaying rune of Zot
 48295 | Swamp:3  | Killed the 27-headed Lernaean hydra
 48295 | Swamp:3  | Reached XP level 20. HP: 150/168 MP: 23/23
 48606 | Vaults:1 | Entered Level 1 of the Vaults
 49371 | Vaults:1 | Found a roughly hewn altar of Beogh.
 49735 | Vaults:1 | Received a gift from Trog
 49740 | Vaults:1 | Reached skill level 21 in Unarmed Combat
 50012 | Vaults:1 | Got a pair of ancient boots
 50013 | Vaults:1 | Identified the +0 pair of boots "Etatum" {rElec rF+ rN+} (You found it on level 1 of the Vaults)
 50266 | Vaults:1 | Received a gift from Trog
 51651 | Vaults:2 | Noticed Jory
 51663 | Vaults:2 | Killed Jory
 51728 | Vaults:2 | Received a gift from Trog
 52081 | Vaults:2 | Received a gift from Trog
 52455 | Vaults:3 | Found a staircase to the Crypt.
 52536 | Vaults:3 | Found a magical portal.
 52547 | WizLab   | Entered The Hall of Ymausto the Hellbinder
 53142 | WizLab   | Noticed Ymausto
 53144 | WizLab   | Found a burning altar of Makhleb.
 53149 | WizLab   | Killed Ymausto the Hellbinder
 53162 | WizLab   | Received a gift from Trog
 53454 | Vaults:3 | Reached skill level 22 in Unarmed Combat
 53738 | Vaults:3 | Reached XP level 21. HP: 175/176 MP: 24/24
 53796 | Vaults:3 | Noticed Norris
 53805 | Vaults:3 | Killed Norris
 54247 | Vaults:3 | Received a gift from Trog
 54663 | Vaults:3 | Found a white marble altar of Elyvilon.
 55069 | Vaults:4 | Received a gift from Trog
 55601 | Vaults:4 | Received a gift from Trog
 55693 | Vaults:4 | Noticed Jorgrun
 55701 | Vaults:4 | Killed Jorgrun
 56161 | Vaults:4 | Reached skill level 23 in Unarmed Combat
 56961 | Vaults:5 | Entered Level 5 of the Vaults
 57097 | Vaults:4 | Received a gift from Trog
 57815 | Vaults:4 | Gained mutation: Your magical and physical power is slightly enhanced at high health. [demonic ancestry]
 57815 | Vaults:4 | Reached XP level 22. HP: 180/184 MP: 25/25
 58292 | Vaults:4 | Received a gift from Trog
 58756 | Vaults:5 | Noticed a golden dragon
 59065 | Vaults:4 | Got a slimy longbow {god gift}
 59066 | Vaults:4 | Identified the +4 longbow of Precise Incision {flame, rPois rF++ Int+4} (Trog gifted it to you on level 4 of the Vaults)
 59334 | Vaults:5 | Noticed a golden dragon
 59344 | Vaults:4 | Killed a golden dragon
 60268 | Vaults:4 | Killed a golden dragon
 60702 | Vaults:5 | Received a gift from Trog
 61107 | Vaults:5 | Reached skill level 24 in Unarmed Combat
 61147 | Vaults:5 | Noticed an ancient lich
 61154 | Vaults:5 | Killed an ancient lich
 61178 | Vaults:5 | Noticed a golden dragon
 61188 | Vaults:5 | Killed a golden dragon
 61195 | Vaults:5 | Noticed a golden dragon
 61201 | Vaults:5 | Killed a golden dragon
 61201 | Vaults:5 | Received a gift from Trog
 61253 | Vaults:5 | Noticed Saint Roka
 61618 | Vaults:5 | Received a gift from Trog
 61623 | Vaults:5 | Reached XP level 23. HP: 47/194 MP: 26/26
 61675 | Vaults:5 | Received a gift from Trog
 61975 | Vaults:5 | Got a heavily runed brass ring
 62004 | Vaults:5 | Identified the ring of Fyett {Wiz Dex+4 SInv Stlth+} (You took it off an ironheart preserver on level 5 of the Vaults)
 62060 | Vaults:5 | Found Tetiddif's General Store.
 62213 | Vaults:5 | Received a gift from Trog
 62252 | Vaults:5 | Killed Saint Roka
 62646 | Vaults:5 | Got a wavering tin ring
 62647 | Vaults:5 | Identified the ring "Vogaj" {rF+ Int+3 Dex+3 Stlth-} (You took it off an ironbrand convoker on level 5 of the Vaults)
 63232 | Vaults:5 | Identified a +5 rod of ignition (14/14) (You took it off a vault warden on level 5 of the Vaults)
 63432 | Vaults:5 | Received a gift from Trog
 63909 | Vaults:5 | Identified a +5 rod of clouds (14/14) (You found it on level 5 of the Vaults)
 64092 | Vaults:5 | Identified a +0 rod of shadows (11/11) (You found it on level 5 of the Vaults)
 64175 | Vaults:5 | Got a silver rune of Zot
 64442 | Crypt:1  | Entered Level 1 of the Crypt
 64846 | Crypt:1  | Reached skill level 25 in Unarmed Combat
 66164 | Crypt:3  | Entered Level 3 of the Crypt
 66328 | Crypt:3  | Noticed Frederick
 66340 | Crypt:3  | Killed Frederick
 66657 | Crypt:3  | Reached XP level 24. HP: 194/202 MP: 26/26
 66973 | Crypt:3  | Found a basalt altar of Yredelemnul.
 66974 | Crypt:3  | Noticed an ancient lich
 66995 | Crypt:3  | Killed an ancient lich
 67509 | Crypt:3  | Found a staircase to the Tomb.
 68036 | Tomb:1   | Entered Level 1 of the Tomb of the Ancients
 68201 | Tomb:1   | Reached skill level 26 in Unarmed Combat
 68218 | Tomb:1   | Paralysed by a sphinx for 6 turns
 68653 | Tomb:1   | Received a gift from Trog
 68951 | Tomb:1   | Noticed a greater mummy
 68963 | Tomb:1   | Killed a greater mummy
 69502 | Tomb:1   | Noticed a greater mummy
 69976 | Tomb:1   | Killed a greater mummy
 70415 | Tomb:2   | Noticed a greater mummy
 70415 | Tomb:2   | Noticed a greater mummy
 70415 | Tomb:2   | Noticed a greater mummy
 70418 | Tomb:2   | Noticed a greater mummy
 70756 | Tomb:1   | Killed a greater mummy
 70949 | Tomb:1   | Killed a greater mummy
 71185 | Tomb:1   | Killed a greater mummy
 71611 | Tomb:1   | Killed a greater mummy
 72491 | Tomb:2   | Paralysed by a lich for 7 turns
 72832 | Tomb:1   | Noticed a greater mummy
 72832 | Tomb:1   | Noticed a greater mummy
 72833 | Tomb:1   | Noticed a greater mummy
 72844 | Tomb:2   | Killed a greater mummy
 73374 | Tomb:2   | Killed a greater mummy
 73516 | Tomb:1   | Killed a greater mummy
 73516 | Tomb:1   | Gained mutation: Your magical and physical power is enhanced at high health. [demonic ancestry]
 73516 | Tomb:1   | Reached XP level 25. HP: 178/197 MP: 26/26
 73607 | Tomb:1   | Noticed a greater mummy
 73614 | Tomb:1   | Killed a greater mummy
 73617 | Tomb:1   | Noticed a greater mummy
 73626 | Tomb:1   | Killed a greater mummy
 73687 | Tomb:1   | Noticed a greater mummy
 73695 | Tomb:1   | Killed a greater mummy
 73702 | Tomb:1   | Noticed a greater mummy
 73877 | Tomb:1   | Killed a greater mummy
 74134 | Tomb:1   | Noticed a greater mummy
 74150 | Tomb:1   | Killed a greater mummy
 74501 | Tomb:1   | Noticed a greater mummy
 74508 | Tomb:1   | Killed a greater mummy
 74525 | Tomb:1   | Noticed a greater mummy
 74639 | Tomb:1   | Killed a greater mummy
 74639 | Tomb:1   | Reached skill level 27 in Unarmed Combat
 74768 | Tomb:1   | Noticed a greater mummy
 74770 | Tomb:1   | Noticed a greater mummy
 74770 | Tomb:1   | Noticed a greater mummy
 74896 | Tomb:1   | Killed a greater mummy
 75009 | Tomb:1   | Killed a greater mummy
 75196 | Tomb:1   | Killed a greater mummy
 75489 | Tomb:1   | Noticed a greater mummy
 75494 | Tomb:1   | Noticed a greater mummy
 75494 | Tomb:1   | Noticed a greater mummy
 75647 | Tomb:1   | Killed a greater mummy
 75782 | Tomb:1   | Killed a greater mummy
 75951 | Tomb:1   | Killed a greater mummy
 75951 | Tomb:1   | Reached skill level 5 in Evocations
 76005 | Tomb:1   | Noticed a greater mummy
 76009 | Tomb:1   | Killed a greater mummy
 76088 | Tomb:1   | Noticed a greater mummy
 76094 | Tomb:1   | Killed a greater mummy
 77631 | Tomb:3   | Entered Level 3 of the Tomb of the Ancients
 77953 | Tomb:2   | HP: 10/207 [bennu (20)]
 77953 | Tomb:2   | Slain by a bennu

Skill      XL: |  1  2  3  4  5  6  7  8  9 10 11 12 13 14 15 16 17 18 19 20 21 22 23 24 25 |
---------------+----------------------------------------------------------------------------+-----
Long Blades    | 3 4 |  4.2
Dodging        | 2 3 4 5 6 7 8 9 |  9.6
Armour         | 2 3 4 5 7 9 10 11 12 13 14 15 16 17 18 19 | 19.5
Fighting       | 4 5 6 7 8 9 11 12 14 16 17 18 19 20 | 20.9
Unarmed Combat | 2 4 7 9 11 13 14 15 17 19 20 22 23 24 25 26 27 | 27.0
Stealth        | 1 |  1.0
Bows           | 1 2 3 4 |  4.2
Throwing       | 1 2 |  2.0
Spellcasting   | 1 2 |  2.0
Evocations     | 1 2 3 6 |  6.0

Action                   |  1- 3 |  4- 6 |  7- 9 | 10-12 | 13-15 | 16-18 | 19-21 | 22-24 | 25-27 || total
-------------------------+-------+-------+-------+-------+-------+-------+-------+-------+-------++-------
Melee: Falchion          |    83 |    12 |       |       |       |       |       |       |       ||    95
       Scimitar          |       |    29 |       |       |       |       |       |       |       ||    29
       Unarmed           |       |    60 |   316 |   644 |  1146 |   609 |  1438 |  1216 |   192 ||  5621
       Punch             |       |       |     2 |    24 |   103 |    78 |   186 |   205 |    27 ||   625
       Kick              |       |       |       |   162 |   497 |    21 |       |       |       ||   680
 Fire: Shortbow          |       |       |       |       |     1 |    31 |     7 |     2 |       ||    41
       Longbow           |       |       |       |       |     2 |       |       |       |       ||     2
Invok: Berserk           |       |     5 |     4 |    10 |    12 |     7 |     5 |     4 |       ||    47
       Burn Spellbooks   |       |       |       |     2 |     1 |     4 |     7 |     6 |       ||    20
       Trog's Hand       |       |       |       |     1 |     2 |     1 |     2 |     1 |       ||     7
       Brothers in Arms  |       |       |       |       |     2 |       |     2 |       |       ||     4
 Abil: Evoke Invisibilit |       |       |       |       |     1 |       |       |       |       ||     1
       Evoke Flight      |       |       |       |       |       |       |     3 |       |       ||     3
Evoke: Wand              |       |       |       |       |     2 |       |     4 |       |       ||     6
       Rod               |       |       |       |       |       |       |     3 |       |       ||     3
  Use: Scroll            |       |     1 |    10 |     4 |    16 |    13 |    12 |    16 |       ||    72
       Potion            |       |       |       |     7 |     5 |     5 |     5 |     3 |     1 ||    26
 Stab: Distracted        |       |       |     1 |     7 |       |     3 |     3 |     7 |     6 ||    27
  Eat: Chunk             |       |     8 |    21 |    27 |    48 |    17 |    28 |    10 |       ||   159
       Beef jerky        |       |     1 |     1 |     4 |     5 |     2 |     1 |     4 |       ||    18
       Fruit             |       |       |     3 |     6 |       |       |     7 |       |       ||    16
       Pizza             |       |       |       |       |     2 |     2 |     3 |       |       ||     7
       Royal jelly       |       |       |       |       |     2 |     3 |       |     1 |       ||     6
       Meat ration       |       |       |       |       |       |     3 |     3 |     8 |     1 ||    15
       Bread ration      |       |       |       |       |       |       |       |       |     2 ||     2
Armor: Ring mail         |    19 |    26 |     9 |       |       |       |       |       |       ||    54
       Plate armour      |       |       |    75 |   315 |   597 |   491 |   938 |   606 |   119 ||  3141
       Scale mail        |       |       |    16 |       |       |       |       |       |       ||    16
Dodge: Dodged            |    34 |    37 |   124 |   213 |   462 |   414 |   787 |   548 |    98 ||  2717
